 Dungeon Crawl Stone Soup version 0.23-a0-373-g305c090 (webtiles) character file.

196 JeffiDaFish the Sneak (level 5, -1/24 HPs)
             Began as a Spriggan Venom Mage on Oct 25, 2018.
             Slain by a scorpion (7 damage)
             ... on level 4 of the Dungeon.
             The game lasted 00:08:28 (3309 turns).

JeffiDaFish the Sneak (Spriggan Venom Mage)         Turns: 3309, Time: 00:08:29

Health: -1/24      AC:  3    Str:  4    XL:     5   Next: 46%
Magic:  1/12       EV: 19    Int: 23    God:
Gold:   129        SH:  0    Dex: 16    Spells: 6/12 levels left

rFire    . . .     SeeInvis +   i - +0 dagger
rCold    . . .     Gourm    .   (shield restricted)
rNeg     . . .     Faith    .   a - +1 robe
rPois    .         Spirit   .   (helmet restricted)
rElec    .         Reflect  .   (no cloak)
rCorr    .         Harm     .   (gloves unavailable)
MR       .....                  (boots unavailable)
Stlth    +++.......             (no amulet)
HPRegen  0.08/turn              g - ring of flight
MPRegen  0.13/turn              (no ring)

@: brilliant, very quick
A: very small, unfitting armour, see invisible, herbivore, speed 3, slow
metabolism 2
a: Evoke Flight


You were on level 4 of the Dungeon.
You were hungry.

You visited 1 branch of the dungeon, and saw 4 of its levels.

You collected 129 gold pieces.

Inventory:

Hand Weapons
 i - a +0 dagger (weapon)
Armour
 a - a +1 robe (worn)
Jewellery
 g - a ring of flight (left hand)
Scrolls
 d - 2 scrolls of identify
 e - 2 scrolls of remove curse
 h - 4 scrolls of enchant armour
Potions
 b - 2 potions of agility
 f - 3 potions of curing
 j - a potion of flight
Comestibles
 c - 3 rations


   Skills:
 + Level 4.1 Dodging
 + Level 4.5 Stealth
 * Level 4.3 Spellcasting
 + Level 1.4 Conjurations
 + Level 0.8 Air Magic
 * Level 4.0 Poison Magic


You had 6 spell levels left.
You knew the following spells:

 Your Spells              Type           Power        Failure   Level  Hunger
a - Sting                 Conj/Pois      ####         1%          1    None
b - Poisonous Vapours     Pois/Air       ####..       1%          2    #......
c - Mephitic Cloud        Conj/Pois/Air  ####....     1%          3    ##.....

Your spell library contained the following spells:

 Spells                   Type           Power        Failure   Level  Hunger
 Animate Skeleton         Necr           N/A          1%          1    None
 Apportation              Tloc           ###...       1%          1    None
 Confusing Touch          Hex            ###...       1%          1    None
 Summon Small Mammal      Summ           ###.         1%          1    None
 Olgreb's Toxic Radiance  Pois           #####...     2%          4    ####...
 Venom Bolt               Conj/Pois      ####......   11%         5    ######.


Dungeon Overview and Level Annotations

Branches:
Dungeon (4/15)
 Temple: D:4-7

Altars:
Kikubaaqudgha
Nemelex Xobeh
Wu Jian
Yredelemnul

Annotations:
D:4 1 transporter, Menkaure


Innate Abilities, Weirdness & Mutations

You are very small and have problems with some larger weapons.
You are too small for most types of armour.
You have supernaturally acute eyesight. (SInv)
You are a herbivore.
You cover ground extremely quickly.
You need to consume almost no food.


Message History

The scorpion is lightly wounded.
The ogre is engulfed in noxious fumes.
The ogre appears confused.
The scorpion is engulfed in noxious fumes.
The scorpion appears confused.
You hit the scorpion but do no damage.
The scorpion is moderately wounded.
The scorpion is engulfed in noxious fumes.
The scorpion appears confused.
Casting: Mephitic Cloud (safe; 1% risk of failure)
Confirm with . or Enter, or press ? or * to list all spells.
Aiming: Poisonous Vapours (safe; 1% risk of failure)
Press: ? - help, Dir - move target cursor, f/p - scorpion
Aim: a scorpion (moderately wounded, confused) Poisonous vapours surround the scorpion!
You are feeling hungry.
The scorpion is engulfed in poison gas.
The scorpion is poisoned.
The scorpion stings the ogre.
The ogre is poisoned.
The scorpion poisons the ogre!
The ogre seems less confused.
The scorpion stings you!
You die...

#.# #.# #.# #=# #.#
#.# #.# #.# #O# #.#
#s# #.# #@# #.# #.#
#.# #.# #.#
#.####.###
#........# #######
######.#.###......
#.................
........#.#.####..#
##.######..........


You could see an ogre and a scorpion (confused).

Vanquished Creatures
  An ogre (D:4)
  3 adders
  An ooze (D:3)
  An adder skeleton (D:4)
  A worm (D:2)
  A dart slug (D:1)
  2 leopard geckos
  3 orcs
  3 ball pythons
  A bat (D:1)
  3 giant cockroaches
  9 goblins
  10 hobgoblins
  2 jackals (D:3)
  5 kobolds
  3 quokkas
  12 frilled lizards
  7 rats
68 creatures vanquished.

Notes
Turn   | Place    | Note
-------+----------+-------------------------------------------
     0 | D:1      | JeffiDaFish the Spriggan Venom Mage began the quest for the
                  | Orb.
     0 | D:1      | Reached XP level 1. HP: 9/9 MP: 5/5
   424 | D:1      | Reached XP level 2. HP: 13/13 MP: 4/7
   686 | D:1      | Learned a level 2 spell: Poisonous Vapours
   748 | D:1      | Reached skill level 1 in Conjurations
  1162 | D:2      | Reached XP level 3. HP: 16/16 MP: 1/8
  1871 | D:2      | Found an ornate altar of the Wu Jian Council.
  1876 | D:2      | Learned a level 3 spell: Mephitic Cloud
  2242 | D:2      | Reached XP level 4. HP: 21/21 MP: 1/10
  2649 | D:3      | Found a sparkling altar of Nemelex Xobeh.
  3044 | D:4      | Found an ancient bone altar of Kikubaaqudgha.
  3046 | D:4      | Noticed Menkaure
  3048 | D:4      | Found a basalt altar of Yredelemnul.
  3052 | D:4      | Found a transporter.
  3115 | D:4      | Noticed an ogre
  3166 | D:4      | Killed an ogre
  3166 | D:4      | Reached XP level 5. HP: 24/24 MP: 0/12
  3286 | D:4      | Noticed an ogre
  3309 | D:4      | Slain by a scorpion

Vault maps used:
D:1:      dpeg_arrival_concentric_ovals, minmay_lizard_pond
D:2:      lemuel_doored_altar, grunt_ministairs_10, minmay_misc_feat_five,
          minmay_goblin_kobold_house
D:3:      nemelex_xobeh_ov_fountains_minmay, first_ration
D:4:      nicolae_gozag_zags_fifth_avenue, gammafunk_temple_of_torment,
          roderic_serpentine_path, minmay_a_box_with_orc_wizards_in_it

Skill      XL: |  1  2  3  4 |
---------------+-------------+-----
Spellcasting   | 3 4 |  4.3
Conjurations   | 1 |  1.4
Stealth        | 4 |  4.5
Dodging        | 4 |  4.1
Poison Magic   | 4 |  4.0
Air Magic      | |  0.8

Action                   |  1- 3 |  4- 6 || total
-------------------------+-------+-------++-------
Melee: Unarmed           |    26 |     9 ||    35
       Dagger            |       |    48 ||    48
       Short sword       |       |     1 ||     1
 Cast: Sting             |    52 |    12 ||    64
       Poisonous Vapours |    28 |    23 ||    51
       Mephitic Cloud    |       |     2 ||     2
  Use: Scroll            |     5 |     2 ||     7
       Potion            |     3 |     1 ||     4
 Stab: Sleeping          |       |     3 ||     3
  Eat: Ration            |       |     1 ||     1
Armor: Robe              |     6 |     3 ||     9
Dodge: Dodged            |    37 |    46 ||    83

Table legend:
 A = Non-vault XP
 B = Vault XP
 C = Vault XP percentage of total XP
 D = Non-vault monster count
 E = Vault monster count
 F = Vault count percentage of total count
                 A         B        C        D         E       F
            +---------+---------+-------+---------+---------+-------
      Total |     265 |      16 |   5.7 |      57 |      11 |  16.2
            +---------+---------+-------+---------+---------+-------
        D:1 |      22 |       6 |  21.4 |      11 |       6 |  35.3
        D:2 |      61 |      10 |  14.1 |      21 |       5 |  19.2
        D:3 |      50 |       0 |   0.0 |      21 |       0 |   0.0
        D:4 |     132 |       0 |   0.0 |       4 |       0 |   0.0
            +---------+---------+-------+---------+---------+-------
